 Dungeon Crawl Stone Soup version 0.17.0-28-g6e173f8 (webtiles) character file.

22 coffecat the Ducker (level 2, 0/13 HPs)
             Began as a Spriggan Conjurer on Nov 26, 2015.
             Was an Initiate of Cheibriados.
             Slain by an adder (5 damage)
             ... on level 2 of the Dungeon.
             The game lasted 00:06:19 (878 turns).

coffecat the Ducker (Spriggan Conjurer)              Turns: 878, Time: 00:06:19

Health: 0/13       AC:  2    Str:  5    XL:     2   Next: 68%
Magic:  1/6        EV: 19    Int: 17    God:    Cheibriados [......]
Gold:   45         SH:  0    Dex: 17    Spells: 1 memorised, 5 levels left

rFire  . . .     SeeInvis +     h - -1 short sword (curse)
rCold  . . .     Clarity  .     a - +0 robe
rNeg   . . .     SustAt   .     (shield restricted)
rPois  .         Gourm    .     (helmet restricted)
rElec  .         Spirit   .     (no cloak)
rCorr  .         Warding  .     (gloves unavailable)
rMut   .         Stasis   .     (boots unavailable)
MR     .....                    (no amulet)
Stlth  +++.......               (no ring)
                                (no ring)

@: very slightly contaminated, quick, not resistant to hostile enchantments,
fairly stealthy
A: unfitting armour, see invisible, herbivore 3, speed 3, slow metabolism 2
a: Bend Time, Renounce Religion


You were on level 2 of the Dungeon.
You worshipped Cheibriados.
Cheibriados was noncommittal.
You were not hungry.

You visited 1 branch of the dungeon, and saw 2 of its levels.

You collected 45 gold pieces.

Inventory:

Hand Weapons
 h - a cursed -1 short sword (weapon)
 i - a +0 spear
Armour
 a - a +0 robe (worn)
Jewellery
 j - an uncursed ring of see invisible {unknown}
Scrolls
 d - a scroll of teleportation {unknown}
 k - a scroll of enchant weapon {unknown}
Potions
 e - a potion of cancellation {unknown}
 g - 2 potions of heal wounds {unknown}
Books
 b - a book of Conjurations

   Spells                             Type                      Level
   a - Magic Dart                     Conjuration                  1
   b - Searing Ray                    Conjuration                  2
   c - Dazzling Spray                 Conjuration/Hexes            3
   d - Fulminant Prism                Conjuration/Hexes            4
   e - Iskenderun's Mystic Blast      Conjuration                  4
   f - Iskenderun's Battlesphere      Conjuration/Charms           5
Comestibles
 c - 2 bread rations
 f - a meat ration


   Skills:
 + Level 3.5 Dodging
 + Level 3.1 Stealth
 + Level 2.8 Spellcasting
 + Level 3.3 Conjurations


You had 5 spell levels left.
You knew the following spells:

 Your Spells              Type           Power        Failure   Level  Hunger
a - Magic Dart            Conj           ##..         4%          1    #......


Dungeon Overview and Level Annotations

Branches:
Dungeon (2/15)

Altars:
Cheibriados


Innate Abilities, Weirdness & Mutations

You are tiny and cannot use many weapons and most armour.
You have supernaturally acute eyesight.
You are a herbivore.
You cover ground extremely quickly.
You need consume almost no food.


Message History

Casting: Magic Dart
Confirm with . or Enter, or press ? or * to list all spells.
Aiming: Magic Dart
Press: ? - help, Shift-Dir - straight line, f/p - adder
Aim: an adder (heavily wounded)
You miscast Magic Dart.
You are very lightly contaminated with residual magic.
Strange energies run through your body. The adder closely misses you.
Casting: Magic Dart
Confirm with . or Enter, or press ? or * to list all spells.
Aiming: Magic Dart
Press: ? - help, Shift-Dir - straight line, f/p - adder
Aim: an adder (heavily wounded)
The magic dart hits the adder.
The adder is severely wounded.
The adder bites you. x2
You closely miss the adder.
The adder is severely wounded.
The adder bites you.
You die...

#.# #.# #.#
#.# #.# #.# #
#.# .# #@# ..#
#S###..###
#.........
##........
#.###.### #.#
.##
##.####.##...#
#..........#
#.#####.##...#


You could see an adder.

Vanquished Creatures
  4 bats
  A giant cockroach (D:1)
  3 hobgoblins
  3 jackals (D:1)
  2 giant newts (D:1)
  A goblin (D:1)
  4 kobolds (D:1)
  3 rats (D:1)
21 creatures vanquished.

Notes
Turn   | Place    | Note
--------------------------------------------------------------
     0 | D:1      | coffecat the Spriggan Conjurer began the quest for the Orb.
     0 | D:1      | Reached XP level 1. HP: 9/9 MP: 5/5
   219 | D:1      | Found a snail-covered altar of Cheibriados.
   229 | D:1      | Became a worshipper of Cheibriados the Contemplative
   463 | D:1      | Reached XP level 2. HP: 13/13 MP: 4/6
   878 | D:2      | Slain by an adder

Action                   || total
-------------------------++-------
Melee: Unarmed           ||     3
       Short sword       ||    22
 Cast: Magic Dart        ||    41
